 Dungeon Crawl Stone Soup version 0.16.1-28-gcc2312f (webtiles) character file.

6892 hemol the Basher (level 10, -7/91 HPs)
             Began as a Minotaur Fighter on June 1, 2015.
             Was an Elder of Elyvilon.
             Mangled by a deep elf mage
             ... wielding a +2 long sword of electrocution
              (14 damage)
             ... on level 10 of the Dungeon on June 2, 2015.
             The game lasted 00:36:11 (10449 turns).

hemol the Basher (Minotaur Fighter)                Turns: 10449, Time: 00:36:11

Health: -7/91      AC: 17    Str: 21    XL:     10   Next: 79%
Magic:  0/12       EV:  9    Int:  5    God:    Elyvilon [****..]
Gold:   145        SH: 10    Dex: 21    Spells: 0 memorised, 9 levels left

rFire  . . .     SeeInvis .     Z - +3 whip
rCold  . . .     Clarity  .     a - +0 plate armour
rNeg   + . .     SustAb   .     c - +0 shield
rPois  .         Gourm    .     (helmet restricted)
rElec  .         Spirit   +     (no cloak)
rCorr  .         Warding  .     (no gloves)
rMut   .         Stasis   .     j - +1 pair of boots
MR     .....                    V - amulet of guardian spirit
Stlth  ..........               L - +3 ring of dexterity
                                r - ring of positive energy

@: agile, not resistant to hostile enchantments, extremely unstealthy
A: retaliatory headbutt, horns 2
a: Lesser Healing, Divine Protection, Heal Other, Purification, Greater Healing,
Renounce Religion


You were on level 10 of the Dungeon.
You worshipped Elyvilon.
Elyvilon was greatly pleased with you.
You were near starving.

You visited 1 branch of the dungeon, and saw 10 of its levels.

You collected 434 gold pieces.
You spent 289 gold pieces at shops.

Inventory:

Hand weapons
 t - a +0 morningstar
 Z - a +3 whip (weapon)
Missiles
 H - 2 throwing nets (quivered)
Armour
 a - a +0 plate armour (worn)
 c - a +0 shield (worn)
 j - a +1 pair of boots (worn)
Jewellery
 b - an uncursed ring of ice
 r - a ring of positive energy (left hand)
 L - a +3 ring of dexterity (right hand)
 R - an uncursed ring of teleport control
 V - an amulet of guardian spirit (around neck)
 X - an uncursed ring of positive energy
Magical devices
 e - a wand of polymorph (12)
 s - a wand of teleportation (4)
 K - a wand of digging (13)
Scrolls
 f - 2 scrolls of teleportation {unknown}
 k - 2 scrolls of fear {unknown}
 l - a scroll of enchant armour {unknown}
 n - 6 scrolls of remove curse {unknown}
 o - 3 scrolls of recharging
 u - a scroll of fog {unknown}
 v - a scroll of vulnerability {unknown}
 D - 4 scrolls of random uselessness {unknown}
 E - a scroll of blinking {unknown}
 F - a scroll of enchant weapon {unknown}
 I - 2 scrolls of amnesia {unknown}
 N - 2 scrolls of summoning {unknown}
 O - a scroll of brand weapon {unknown}
 P - a scroll of identify
Potions
 h - 3 potions of haste
 m - 3 potions of curing
 p - 5 potions of restore abilities
 q - a potion of brilliance
 w - 2 potions of mutation
 x - a potion of beneficial mutation
 A - a potion of resistance
 C - a potion of cancellation {unknown}
 G - a potion of decay {unknown}
 T - a potion of agility
 U - a potion of lignification {unknown}
 W - a potion of might
 Y - a potion of experience {unknown}
Comestibles
 d - 10 bread rations
 J - 9 beef jerkies
 M - 3 meat rations
 Q - 3 fruits
 S - a slice of pizza


   Skills:
 * Level 9.2 Fighting
 + Level 13.2 Maces & Flails
 + Level 10.8 Armour
 - Level 3.7 Shields
 - Level 4.8 Invocations


You had 9 spell levels left.
You didn't know any spells.

Dungeon Overview and Level Annotations

Branches:
Dungeon (10/15)            Temple (0/1) D:7            Lair (0/8) D:10
    Orc: D:9-12

Altars:
Ashenzari
Dithmenos
Elyvilon
Fedhas
Gozag
Kikubaaqudgha
Nemelex Xobeh
Okawaru
Trog
Zin
The Shining One

Shops:
D:7 *

Annotations:
D:6 exclusion: oklob plant, Gekot's ghost, experienced DECj


Innate Abilities, Weirdness & Mutations

You reflexively headbutt those who attack you in melee.
You have a pair of horns on your head.


Message History

Your headbutt misses the orc warrior.
The orc warrior is almost dead.
A sky beast appears from thin air!
Reactivating autopickup.
The orc warrior hits you but does no damage.
You hit the orc warrior but do no damage.
You headbutt the orc warrior.
You kill the orc warrior!
You are near starving!
The deep elf mage points at you and mumbles some strange words.
The bolt of magma hits you!
* * * LOW HITPOINT WARNING * * *
You whack the deep elf mage!
The deep elf mage is moderately wounded.
You whack the deep elf mage! Your headbutt misses the deep elf mage.
The deep elf mage is severely wounded.
The deep elf mage hits you with a long sword of electrocution.
* * * LOW HITPOINT WARNING * * *
You are electrocuted!
You die...

##.# #...........#
#..... #..#
#...........# #.....
#.## #.........>.#
#..... ##.#
#...........###.....
#..#
#>..........'.#.....
#.##
#...........#.'...).
#.#
#...........###.....
#.# ####'########
#..... #)# #@<#
###### #)# #e## #)#


.ooY #.# #..BoZo ##.####### #....... .........# #........ ......)..####.........
......)....##........ .......).#<.+ ... You could see a goliath beetle, 2 orc
warriors, a sky beast, a deep elf mage, 2 orcs and an adder zombie.

Vanquished Creatures
  Fannar (D:10)
  Grinder (D:6)
  A hungry ghost (D:10)
  2 wyverns
  A hippogriff (D:9)
  A warg (D:10)
  5 yaks
  4 orc warriors (D:10)
  A necrophage (D:6)
  2 black bears
  6 ogres
  A phantom (D:7)
  5 sky beasts
  4 ice beasts
  A big kobold (D:9)
  2 gnoll sergeants
  A brain worm (D:9)
  Blork the orc (D:5)
  2 centaurs (D:8)
  A wyvern zombie (D:9)
  2 giant frogs
  2 scorpions
  5 killer bees (D:8)
  A jelly (D:9)
  4 crimson imps
  2 goliath beetles
  8 orc priests
  2 giant frog skeletons
  2 quasits
  3 hounds
  3 iguanas
  3 centaur skeletons
  5 orc wizards
  3 worker ants
  A hound zombie (D:7)
  2 hound skeletons (D:8)
  15 gnolls
  A worker ant zombie (D:5)
  12 adders
  2 giant mites
  4 worms
  2 shadow imps
  2 adder skeletons
  3 adder zombies
  6 giant geckos
  2 oozes
  35 orcs
  2 ball pythons
  A bat skeleton (D:4)
  6 giant cockroaches
  14 goblins
  15 hobgoblins
  11 jackals
  18 kobolds
  6 quokkas
  13 bats
  A giant gecko skeleton (D:8)
  4 giant newts
  A jackal zombie (D:7)
  21 rats
  2 ballistomycetes (D:8)
290 creatures vanquished.

Vanquished Creatures (others)
  A gnoll (D:6)
  A giant cockroach (D:6)
  A giant spore (D:8)
  A kobold (D:6)
4 creatures vanquished.

Grand Total: 294 creatures vanquished

Notes
Turn   | Place    | Note
--------------------------------------------------------------
     0 | D:1      | hemol, the Minotaur Fighter, began the quest for the Orb.
     0 | D:1      | Reached XP level 1. HP: 19/19 MP: 1/1
   117 | D:1      | Reached XP level 2. HP: 27/27 MP: 1/1
   186 | D:1      | Reached skill level 4 in Armour
   460 | D:1      | Reached XP level 3. HP: 30/33 MP: 2/2
   719 | D:2      | Found a white marble altar of Elyvilon.
   727 | D:2      | Became a worshipper of Elyvilon the Healer
   853 | D:2      | Reached XP level 4. HP: 40/40 MP: 2/2
   975 | D:2      | Reached skill level 5 in Armour
  1157 | D:3      | Reached skill level 5 in Maces & Flails
  1157 | D:3      | Reached XP level 5. HP: 16/46 MP: 2/2
  1767 | D:3      | Acquired Elyvilon's first power
  1957 | D:4      | Reached skill level 6 in Maces & Flails
  1957 | D:4      | Reached XP level 6. HP: 28/52 MP: 3/3
  2200 | D:4      | Found an opulent altar of Gozag.
  2423 | D:4      | Got a smoking leather armour
  2487 | D:4      | Reached skill level 7 in Maces & Flails
  2554 | D:4      | Acquired Elyvilon's second power
  2852 | D:5      | Entered Level 5 of the Dungeon
  2875 | D:5      | Noticed Blork the orc
  2890 | D:5      | Killed Blork the orc
  2919 | D:5      | Reached XP level 7. HP: 26/58 MP: 3/3
  3309 | D:5      | Reached skill level 8 in Maces & Flails
  3770 | D:5      | Reached skill level 9 in Maces & Flails
  4324 | D:6      | Acquired Elyvilon's third power
  4357 | D:6      | Noticed Grinder
  4365 | D:6      | Noticed Gekot's ghost (experienced DECj)
  4368 | D:6      | Reached XP level 8. HP: 66/66 MP: 3/3
  4393 | D:6      | Found a sparkling altar of Nemelex Xobeh.
  4395 | D:6      | Found a shadowy altar of Dithmenos.
  4593 | D:5      | Reached skill level 1 in Invocations
  4883 | D:6      | Killed Grinder
  4985 | D:6      | Reached skill level 10 in Maces & Flails
  5258 | D:6      | Found a glowing silver altar of Zin.
  5259 | D:6      | Noticed an oklob plant
  5306 | D:6      | Found an iron altar of Okawaru.
  5306 | D:6      | Found a bloodstained altar of Trog.
  5573 | D:7      | Reached skill level 11 in Maces & Flails
  5620 | D:7      | Found Ihuad's Assorted Antiques.
  5625 | D:7      | Bought a scroll labeled ZUZALIATSO for 33 gold pieces
  5625 | D:7      | Bought a scroll labeled THREDI GOBRIL for 33 gold pieces
  5699 | D:7      | Reached XP level 9. HP: 59/71 MP: 9/9
  5747 | D:7      | Found a glowing golden altar of the Shining One.
  5885 | D:7      | Found a staircase to the Ecumenical Temple.
  6181 | D:7      | Found a shattered altar of Ashenzari.
  7304 | D:8      | Found a blossoming altar of Fedhas.
  7488 | D:8      | Reached skill level 12 in Maces & Flails
  7972 | D:8      | Acquired Elyvilon's fourth power
  8302 | D:7      | Bought a fizzy green potion for 29 gold pieces
  8302 | D:7      | Bought a fuming puce potion for 29 gold pieces
  8302 | D:7      | Bought a twisted fluorescent amulet for 165 gold pieces
  8381 | D:7      | Found an ancient bone altar of Kikubaaqudgha.
  8532 | D:8      | Reached skill level 5 in Fighting
  8859 | D:9      | Reached XP level 10. HP: 70/83 MP: 9/12
  9237 | D:9      | Reached skill level 10 in Armour
  9634 | D:9      | Identified the +0 leather armour of Shyib {rElec rPois MP+9 Str-2} (You found it on level 4 of the Dungeon)
  9859 | D:10     | Entered Level 10 of the Dungeon
  9981 | D:10     | Found a staircase to the Lair.
 10026 | D:10     | Noticed Fannar
 10049 | D:10     | Killed Fannar
 10049 | D:10     | Reached skill level 13 in Maces & Flails
 10449 | D:10     | Mangled by a deep elf mage

Action                   |  1- 3 |  4- 6 |  7- 9 | 10-12 || total
-------------------------+-------+-------+-------+-------++-------
Melee: Flail             |    92 |   176 |   541 |    72 ||   881
       Whip              |       |       |       |   230 ||   230
Throw: Throwing net      |       |       |       |     1 ||     1
Invok: Lesser Healing    |       |       |     2 |     1 ||     3
       Purification      |       |       |     2 |       ||     2
       Heal Other        |       |       |       |     3 ||     3
  Use: Scroll            |       |     5 |     5 |       ||    10
       Potion            |       |     1 |     2 |     4 ||     7
  Eat: Chunk             |       |     5 |    12 |     6 ||    23
       Meat ration       |       |       |     2 |       ||     2
